 Dungeon Crawl Stone Soup version 0.23.0-28-g6fe0f4dc8b (webtiles) character file.

Game seed: 0

40 LostNumber the Ruffian (level 3, -37/30 HPs)
             Began as a Centaur Transmuter on Feb 25, 2019.
             Killed from afar by a goblin (38 damage)
             ... with an exploding inner flame
             ... led by Robin
             ... hexed by the player character
             ... on level 1 of the Dungeon.
             The game lasted 00:03:57 (850 turns).

LostNumber the Ruffian (Centaur Transmuter)          Turns: 850, Time: 00:03:58

Health: -37/30     AC:  4    Str: 13    XL:     3   Next: 30%
Magic:  5/5        EV:  9    Int: 12    God:
Gold:   53         SH:  0    Dex:  9    Spells: 2/5 levels left

rFire    . . .     SeeInvis .   h - +2 hunting sling (freeze)
rCold    + . .     Gourm    .   (no shield)
rNeg     . . .     Faith    .   b - +0 robe
rPois    .         Spirit   .   (no helmet)
rElec    .         Reflect  .   (no cloak)
rCorr    .         Harm     .   (no gloves)
MR       .....                  (no barding)
Stlth    +.........             (no amulet)
HPRegen  0.10/turn              o - ring of protection from cold
MPRegen  0.09/turn              (no ring)

@: very quick
A: large, hooves 3, deformed body, speed 2, tough skin 3
a: no special abilities


You were on level 1 of the Dungeon.
You were not hungry.

You visited 1 branch of the dungeon, and saw 2 of its levels.

You collected 53 gold pieces.

Inventory:

Hand Weapons
 h - a +2 hunting sling of freezing (weapon)
   (You found it on level 1 of the Dungeon)
Missiles
 a - 12 arrows
 i - 39 stones (quivered)
Armour
 b - a +0 robe (worn)
 g - a +0 ring mail
   (You found it on level 1 of the Dungeon)
Jewellery
 o - a ring of protection from cold (left hand)
   (You found it on level 1 of the Dungeon)
Scrolls
 c - 2 scrolls of identify {@r1}
 j - a scroll of enchant weapon
Potions
 k - a potion of curing {unknown}
Comestibles
 e - a ration {!d}
 f - 10 chunks of flesh


   Skills:
 + Level 2.5 Fighting
 * Level 0.7 Slings
 - Level 1.3 Dodging
 - Level 3.5 Unarmed Combat
 - Level 1.5 Spellcasting
 - Level 1.8 Transmutations


You had 2 spell levels left.
You knew the following spells:

 Your Spells              Type           Power        Failure   Level  Hunger
a - Beastly Appendage     Tmut           #.....       14%         1    ##.....
s - Sticks to Snakes      Tmut           #.......     21%         2    ###....

Your spell library contained the following spells:

 Spells                   Type           Power        Failure   Level  Hunger
 Spider Form              Tmut/Pois      #.........   52%         3    ####...
 Ice Form                 Ice/Tmut       #.......     89%         4    #####..
 Blade Hands              Tmut           #.........   98%         5    ######.


Dungeon Overview and Level Annotations

Branches:
Dungeon (2/15)

Altars:

Annotations:
D:2 Robin


Innate Abilities, Weirdness & Mutations

You have hooves in place of feet.
Armour fits poorly on your strangely shaped body.
You cover ground very quickly.
You have extremely tough skin. (AC +3)


Message History

Done exploring.
There is a stone staircase leading down here.
You climb downwards.
Level annotation: Robin A goblin comes into view.
It is wielding a +0 dagger.
A quokka comes into view.
The goblin barely misses you. The goblin closely misses you.
The goblin barely misses you. The hobgoblin barely misses you.
The hobgoblin hits you but does no damage.
The goblin closely misses you. The goblin barely misses you.
The quokka moves out of view.
There is a stone staircase leading up here.
Unknown command.
The goblin hits you with a +0 club.
* * * LOW HITPOINT WARNING * * *
Robin barely misses you. The hobgoblin hits you with a +0 club.
* * * LOW HITPOINT WARNING * * *
The hobgoblin completely misses you. The goblin hits you but does no damage.
The goblin hits you with a +0 club.
* * * LOW HITPOINT WARNING * * *
The goblin hits you with a cursed -1 dagger.
* * * LOW HITPOINT WARNING * * *
You climb upwards.
There is a stone staircase leading down here.
Unknown command.
As you read the scroll labeled PATSIU CARIRPHY, it crumbles to dust.
It is a scroll of identify.
j - a scroll of enchant weapon The goblin barely misses you.
The goblin completely misses you.
As you read the scroll labeled VIMOAT DYUC, it crumbles to dust.
The creatures around you are filled with an inner flame!
It was a scroll of immolation.
The goblin hits you but does no damage. The goblin hits you.
* * * LOW HITPOINT WARNING * * *
Firing (i - inventory)
i - 40 stones (quivered)
Aim: a goblin (inner flame)
You shoot a stone. The stone barely misses the goblin.
The stone hits the hobgoblin.
The stone freezes the hobgoblin.
The goblin hits you but does no damage. x2
Firing (i - inventory)
i - 39 stones (quivered)
Aim: a goblin (inner flame)
You shoot a stone. The stone hits the goblin.
The stone freezes the goblin.
The goblin explodes!
The fiery explosion engulfs the goblin!!
The goblin explodes!
The fiery explosion engulfs the hobgoblin!!!
The hobgoblin explodes!
You feel a bit more experienced. The fiery explosion engulfs you!!!
Ouch! That really hurt!
You die...

#.# #..# #.##......#
#.# #..# #....###.##
#.###..###..### #.#.
#.............# #.#.
#####..###..#.###.#.
#..# #........#.
#..####.#.###.#.
#####g)............#
#§§@gg........###.#.
#§####....#.### #.#.
#.# ####.#.# ##.#.
#.# #.#.####..÷. #.#
#.#.......[. #.#
#.######.... #.#
#.#########. #.#
#.....# #. #.#
#####.# #.


You could see 3 goblins.

Vanquished Creatures
  An ooze (D:1)
  A dart slug (D:1)
  2 leopard geckos (D:1)
  A bat (D:1)
  A giant cockroach (D:1)
  7 goblins
  3 hobgoblins (D:1)
  3 jackals (D:1)
  A frilled lizard (D:1)
  6 kobolds (D:1)
  4 rats (D:1)
30 creatures vanquished.

Notes
Turn   | Place    | Note
-------+----------+-------------------------------------------
     0 | D:1      | LostNumber the Centaur Transmuter began the quest for the
                  | Orb.
     0 | D:1      | Reached XP level 1. HP: 16/16 MP: 3/3
   298 | D:1      | Reached XP level 2. HP: 19/23 MP: 4/4
   333 | D:1      | Learned a level 2 spell: Sticks to Snakes
   610 | D:1      | Reached XP level 3. HP: 30/30 MP: 5/5
   809 | D:2      | Noticed Robin
   848 | D:1      | HP: 1/30 [goblin[Robin] (3)]
   850 | D:1      | Killed from afar by a goblin

Skill      XL: |  1  2 |
---------------+-------+-----
Fighting       | 2 |  2.5
Slings         | |  0.7
Dodging        | |  1.3
Unarmed Combat | |  3.5
Spellcasting   | |  1.5
Transmutations | |  1.8

Action                   || total
-------------------------++-------
Melee: Unarmed           ||    26
       Kick              ||     4
       Headbutt          ||     1
 Fire: Hunting sling     ||    41
 Cast: Beastly Appendage ||     5
  Use: Scroll            ||     2
Armor: Robe              ||    14
Dodge: Dodged            ||    26
